 Dungeon Crawl Stone Soup version 0.29.0-11-gd7f09526c8 (webtiles) character file.

Game seed: 8527238828484603559

122736 SnakkuSnakku7 the Bludgeoner (level 17, -6/125 (128) HPs)
             Began as a Human Delver on Sept 6, 2022.
             Was the Champion of Elyvilon.
             Mangled by an eight-headed hydra (9 damage)
             ... on level 2 of the Swamp.
             The game lasted 00:57:44 (26128 turns).

SnakkuSnakku7 the Bludgeoner (Human Delver)        Turns: 26128, Time: 00:57:44

HP:   -6/125 (128)  AC: 30    Str: 18    XL:     17   Next: 43%
MP:   27/27         EV:  8    Int: 14    God:    Elyvilon [******]
Gold: 1688          SH: 11    Dex: 14    Spells: 20/27 levels left

rFire   . . .      SeeInvis .   a - +9 eveningstar (holy)
rCold   + . .      Faith    .   E - +0 kite shield
rNeg    . . .      Spirit   .   m - +3 plate armour {rC+}
rPois   .          Reflect  .   W - +2 hat {Will+}
rElec   .          Harm     .   o - +2 cloak
rCorr   .          Rampage  .   F - +1 pair of gloves
Will    ++...                   K - +0 pair of boots
Stlth   ..........              q - amulet of regeneration
HPRegen 1.10/turn               C - +4 ring of protection
MPRegen 0.20/turn               r - +4 ring of slaying

@: lightly drained
A: no striking features
a: Renounce Religion, Purification, Heal Other, Heal Self, Divine Vigour


You were on level 2 of the Swamp.
You worshipped Elyvilon.
Elyvilon was exalted by your worship.
You visited 5 branches of the dungeon, and saw 25 of its levels.
You also visited: Bailey.

You collected 2807 gold pieces.
You spent 1119 gold pieces at shops.

Inventory:

Hand Weapons
 a - a +9 eveningstar of holy wrath (weapon)
 l - a +3 great mace
Missiles
 d - 9 throwing nets
Armour
 m - a +3 plate armour of cold resistance (worn)
 o - a +2 cloak (worn)
 E - a +0 kite shield (worn)
 F - a +1 pair of gloves (worn)
 K - a +0 pair of boots (worn)
 S - a +0 tower shield
 W - a +2 hat of willpower (worn)
Jewellery
 q - an amulet of regeneration (around neck)
 r - a +4 ring of slaying (right hand)
 u - a ring of protection from fire
 v - a ring of see invisible
 w - a ring of willpower
 y - a ring of flight
 C - a +4 ring of protection (left hand)
 L - a ring of poison resistance
 Z - a ring of resist corrosion
Wands
 g - a wand of digging (5)
 x - a wand of paralysis (18)
 M - a wand of flame (37)
 R - a wand of roots (4)
 T - a wand of mindburst (6)
 X - a wand of polymorph (11)
Scrolls
 b - 3 scrolls of silence
 c - 5 scrolls of fog
 e - a scroll of summoning
 f - a scroll of immolation
 j - 3 scrolls of blinking
 p - 6 scrolls of poison
 z - 8 scrolls of teleportation
 A - a scroll of enchant weapon
 G - 4 scrolls of identify
 I - 6 scrolls of magic mapping
 J - 4 scrolls of vulnerability
 O - 6 scrolls of brand weapon
Potions
 h - 7 potions of might
 n - 14 potions of curing
 s - 2 potions of berserk rage
 t - 2 potions of resistance
 B - 7 potions of cancellation
 D - 5 potions of attraction
 H - a potion of flight
 N - 6 potions of haste
 P - 3 potions of brilliance
 Q - 2 potions of mutation
 V - 5 potions of invisibility
Miscellaneous
 i - a phantom mirror
 Y - a tin of tremorstones (1/2)


   Skills:
 - Level 10.0 Fighting
 - Level 16.0 Maces & Flails
 - Level 2.0 Polearms
 - Level 10.0 Armour
 - Level 10.0 Dodging
 - Level 5.0 Stealth
 - Level 10.0 Shields
 - Level 5.8 Spellcasting
 - Level 8.0 Hexes
 + Level 5.1 Translocations
 - Level 14.0 Invocations


You had 20 spell levels left.
You knew the following spells:

 Your Spells              Type           Power      Damage    Failure   Level
a - Tukima's Dance        Hex            26%        N/A       65%         3
b - Passage of Golubria   Tloc           18%        N/A       100%        4

Your spell library contained the following spells:

 Spells                   Type           Power      Damage    Failure   Level
 Ensorcelled Hibernation  Hex/Ice        30%        N/A       93%         2
 Dazzling Flash           Conj/Hex       30%        N/A       99%         3
 Inner Flame              Hex/Fire       15%        N/A       99%         3
 Foxfire                  Conj/Fire      16%        2x1d4     100%        1
 Freeze                   Ice            16%        1d4       100%        1
 Sandblast                Erth           8%         2d5       100%        1
 Shock                    Conj/Air       16%        1d4       100%        1
 Passwall                 Tmut/Erth      3%         N/A       100%        2
 Scorch                   Fire           8%         2d5       100%        2
 Static Discharge         Conj/Air       4%         3-4/arc   100%        2
 Conjure Flame            Conj/Fire      4%         6-21      100%        3
 Frozen Ramparts          Ice            8%         1d2       100%        3
 Ignite Poison            Fire/Tmut/Pois 4%         N/A       100%        3
 Mephitic Cloud           Conj/Pois/Air  4%         N/A       100%        3
 Spider Form              Tmut/Pois      4%         N/A       100%        3
 Stone Arrow              Conj/Erth      8%         3d7       100%        3
 Swiftness                Air            4%         N/A       100%        3
 Airstrike                Air            2%         2d(1-17)  100%        4
 Anguish                  Hex/Necr       7%         N/A       100%        4
 Flame Wave               Conj/Fire      4%         2d5       100%        4
 Hailstorm                Conj/Ice       4%         3d4       100%        4
 Sticky Flame             Conj/Fire      4%         2d3       100%        4
 Summon Lightning Spire   Summ/Air       4%         N/A       100%        4
 Agony                    Necr           4%         N/A       100%        5
 Fireball                 Conj/Fire      2%         3d4       100%        5
 Freezing Cloud           Conj/Ice/Air   2%         6-21      100%        5
 Lightning Bolt           Conj/Air       2%         1d13      100%        5
 Silence                  Hex/Air        7%         N/A       100%        5
 Yara's Violent Unravell  Hex/Tmut       7%         3d5       100%        5
 Starburst                Conj/Fire      2%         6d3       100%        6
 Summon Cactus Giant      Summ           2%         N/A       100%        6
 Storm Form               Tmut/Air       2%         N/A       100%        7
 Ignition                 Fire           2%         3d3       100%        8
 Maxwell's Capacitive Co  Air            2%         ∞         100%        8


Dungeon Overview and Level Annotations

Branches:
Dungeon (15/15)            Temple (1/1) D:4            Lair (5/5) D:8
  Swamp (2/4) Lair:3        Snake (0/4) Lair:3        Slime (0/5) Lair:4
    Orc (2/2) D:10            Elf (0/3) Orc:2        Vaults (0/5) D:13
 Depths (0/4) D:15         Bailey (visited)

Altars:
Ashenzari
Cheibriados
Dithmenos
Elyvilon
Fedhas
Gozag
Hepliaklqana
Kikubaaqudgha
Makhleb
Nemelex Xobeh
Okawaru
Qazlal
Ru
Sif Muna
Trog
Uskayaw
Vehumet
Wu Jian
Xom
Yredelemnul
Zin
The Shining One
Jiyva

Shops:
D:4 =   D:8 *   Orc:2 (***

Annotations:
Orc:1 6 transporters


Message History

* * * LOW HITPOINT WARNING * * *
The swamp drake bites you!
* * * LOW HITPOINT WARNING * * *
The swamp drake bites you but does no damage.
Unknown command.
You feel much better.
You are engulfed in noxious fumes.
You choke on the stench!
You are more confused.
The spriggan berserker is engulfed in noxious fumes.
The spriggan berserker appears confused.
The eight-headed hydra bites you but does no damage.
The eight-headed hydra bites you!
* * * LOW HITPOINT WARNING * * *
The eight-headed hydra barely misses you.
The eight-headed hydra bites you.
* * * LOW HITPOINT WARNING * * *
The eight-headed hydra bites you but does no damage.
The eight-headed hydra bites you!
* * * LOW HITPOINT WARNING * * *
The eight-headed hydra bites you.
* * * LOW HITPOINT WARNING * * *
The eight-headed hydra bites you but does no damage.
The four-headed hydra bites you.
* * * LOW HITPOINT WARNING * * *
The four-headed hydra bites you! Elyvilon protects you from harm!
The four-headed hydra bites you but does no damage.
The four-headed hydra completely misses you.
The swamp drake closely misses you.
The swamp drake bites you but does no damage.
Unknown command.
You feel better.
The eight-headed hydra bites you but does no damage.
The eight-headed hydra bites you.
* * * LOW HITPOINT WARNING * * *
The eight-headed hydra bites you!
* * * LOW HITPOINT WARNING * * *
The eight-headed hydra barely misses you.
The eight-headed hydra bites you!
You die...

...§♣♣♣.~~~.♣≈≈≈≈≈ ♣♣§~~♣♣♣♣~
...♣♣~...~~.♣≈≈≈≈♣ ♣♣♣~...♣~≈.~
~.~♣♣♣...~~~~♣♣≈♣ ♣♣...~~§~≈..#
...♣ ♣§.~..~♣♣♣≈♣ ♣.<..~~~.≈#≈~
♣~♣♣ ♣...÷♣...♣.♣ ♣..~.~~~≈.♣
♣♣♣♣♣♣♣~.(..~~~♣♣♣♣♣♣.....D~≈.#
~
♣>~.♣♣...~.♣♣♣~♣♣~..[...§♣..~§
♣.§§..~....~♣♣D..?§~~~~~~~♣.~♣
♣♣~....~.♣♣.~§@DD~h~§~~~~≈.~..≈
♣...♣♣~..~~~~k.k~..~~~§~~♣≈.#~.
♣.~.♣♣.~~~§~~~i..§~....~§♣~.#..
♣♣.♣♣♣.~~~~~♣♣♣♣♣♣..~♣.~~♣~...
♣♣♣ ♣.~~~~~♣ ♣..♣♣.§~~.~#kD
♣.§~~..♣ ♣♣♣♣♣~~..~ ≈≈ ♣.~~~.♣♣
♣....~ ♣♣~~~~.♣ ♣~....♣♣


You could see an eight-headed hydra, a four-headed hydra, a swamp dragon, a
spriggan berserker (berserk, confused), a polar bear (summoned, berserk,
confused) and 2 swamp drakes.

Vanquished Creatures
  Gastronok (D:8)
  Agnes (D:14)
  Kirke (Swamp:1)
  The ghost of XxsatanxX the Executioner, a journeyman MiBe of Trog (D:15)
  A fire giant (D:13)
  An orc warlord (D:10)
  The ghost of TheSexyCheese the Fighter, a journeyman MiFi of Makhleb (D:14)
  Nessos (D:13)
  The ghost of Pechyafi the Cleaver, a journeyman DDEE of Makhleb (Lair:2)
  Azrael (Orc:2)
  An eleionoma (Swamp:1)
  A bunyip (shapeshifter) (D:15)
  A bunyip (Swamp:1)
  Snorg (D:10)
  A fire dragon (D:15)
  An ice dragon (D:15)
  4 boulder beetles
  2 ghost crabs
  An ogre mage (D:15)
  Harold (D:9)
  4 hydras
  Erica (D:9)
  5 centaur warriors
  2 naga warriors (D:14)
  8 two-headed ogres
  A tengu warrior (D:14)
  A dancing weapon (Lair:2)
  2 alligators (Swamp:1)
  5 orc high priests (Orc:2)
  5 death yaks (Lair:5)
  Nergalle (Lair:2)
  2 sun demons (D:13)
  A goliath frog (Swamp:2)
  The ghost of aaron the Arsonist, a novice HOFE of Okawaru (D:8)
  A spriggan druid (Swamp:2)
  2 swamp dragons
  A bog body (Swamp:1)
  7 deep elf pyromancers
  An orange crystal statue (Lair:2)
  A deep elf archer (D:14)
  A necromancer (D:13)
  9 orc knights
  3 orc sorcerers
  6 deep elf zephyrmancers (Orc:2)
  A will-o-the-wisp (Swamp:1)
  10 ugly things
  4 manticores
  2 cyclopes (D:14)
  10 elephants (Lair:5)
  Maurice (D:8)
  7 black mambas
  4 molten gargoyles (D:9)
  12 cane toads
  3 gargoyles
  3 rime drakes
  An unseen horror (D:13)
  14 komodo dragons
  2 efreet
  A tengu conjurer (D:14)
  2 freezing wraiths
  6 trolls
  A tyrant leech (Swamp:1)
  9 hornets
  14 blink frogs
  6 polar bears
  6 slime creatures (D:13)
  8 dream sheep
  A shadow (D:10)
  A wraith (D:9)
  46 yaks
  18 spriggans
  5 wyverns
  3 fire elementals
  6 hogs (Swamp:1)
  A steam dragon (D:10)
  4 basilisks
  The ghost of smilodon the Covered, an amateur DsFi (D:4)
  Grum (Bailey)
  10 vampire mosquitoes
  4 swamp worms (Swamp:1)
  Edmund (D:4)
  2 wargs
  2 acid dragons (D:11)
  20 water moccasins
  3 hell hounds
  3 swamp drakes (Swamp:2)
  34 orc warriors
  3 ice beasts (D:6)
  7 black bears
  2 sky beasts
  9 ogres
  A hornet zombie (D:4)
  4 boggarts (Lair:5)
  An ogre (shapeshifter) (D:13)
  28 wolves
  3 phantoms
  8 centaurs
  2 kobold brigands
  8 bullfrogs
  4 gnoll sergeants (Bailey)
  5 scorpions
  A necrophage (D:3)
  9 wights
  A troll zombie (D:10)
  3 killer bees (D:10)
  A howler monkey (D:9)
  An electric eel (Lair:3)
  3 lava snakes (Lair:2)
  A centaur zombie (D:4)
  5 jellies
  A bullfrog zombie (D:4)
  9 gnoll boudas
  5 hounds
  31 orc priests
  18 orc wizards
  2 iguanas
  5 ogre zombies (D:10)
  Robin (D:4)
  45 gnolls
  6 adders
  2 white imps
  An ufetubus (D:6)
  2 dart slugs
  91 orcs
  5 ball pythons
  11 endoplasms
  3 giant cockroaches (D:2)
  22 goblins
  10 hobgoblins
  14 jackals (D:3)
  15 kobolds
  3 quokkas
  4 bats
  2 frilled lizards
  3 goblin zombies (D:10)
  2 hobgoblin skeletons (D:10)
  3 orc skeletons (D:10)
  11 orc zombies (D:10)
  4 rats
829 creatures vanquished.

Vanquished Creatures (collateral kills)
  Maggie (D:6)
  An ogre (D:6)
  2 gnoll sergeants (Bailey)
  A gnoll (Bailey)
5 creatures vanquished.

Vanquished Creatures (others)
  A swamp dragon (Swamp:2)
  2 bloated husks (Swamp:1)
  3 meliai (D:14)
  A hornet (Swamp:2)
  A spriggan (Swamp:2)
  3 dancing weapons
  An orc wizard (Orc:1)
  An orc (D:6)
  12 foxfires (Swamp:1)
  19 fungi
  36 plants
  2 withered plants (D:15)
82 creatures vanquished.

Grand Total: 916 creatures vanquished

Notes
Turn   | Place    | Note
-------+----------+-------------------------------------------
     0 | D:5      | SnakkuSnakku7 the Human Delver began the quest for the Orb.
     0 | D:5      | Reached XP level 1. HP: 18/18 MP: 1/1
    46 | D:5      | Noticed a hound
    77 | D:5      | Noticed a scorpion
    77 | D:5      | Noticed an iguana
   143 | D:5      | Noticed a jelly
   162 | D:5      | Found a white marble altar of Elyvilon.
   188 | D:5      | Noticed a scorpion
   200 | D:5      | You fall into a shaft and drop 2 floors!
   533 | D:6      | Noticed an ice beast
   637 | D:2      | Reached skill level 1 in Hexes
   637 | D:2      | Reached XP level 2. HP: 15/24 MP: 2/2
  1202 | D:1      | Reached XP level 3. HP: 24/29 MP: 3/3
  1939 | D:2      | Reached XP level 4. HP: 28/35 MP: 4/4
  1961 | D:2      | Learned a level 3 spell: Tukima's Dance
  2279 | D:2      | Reached XP level 5. HP: 33/41 MP: 5/5
  2654 | D:3      | Reached skill level 5 in Hexes
  2713 | D:3      | Reached XP level 6. HP: 47/47 MP: 6/6
  3330 | D:3      | Reached XP level 7. HP: 49/52 MP: 7/7
  3779 | D:3      | Reached skill level 1 in Spellcasting
  3779 | D:3      | Reached XP level 8. HP: 48/58 MP: 7/10
  3870 | D:4      | Found Kag Resm's Jewellery Emporium.
  3906 | D:4      | Found a staircase to the Ecumenical Temple.
  3927 | Temple   | Entered the Ecumenical Temple
  4206 | D:5      | Became a worshipper of Elyvilon the Healer
  4287 | D:4      | Noticed Edmund
  4296 | D:4      | Killed Edmund
  4452 | D:4      | Found a runed translucent gate.
  4452 | D:4      | Found a runed translucent gate.
  4453 | D:4      | Found a runed translucent gate.
  4455 | D:4      | Noticed smilodon's ghost (amateur DsFi)
  4658 | D:4      | Noticed Robin
  4667 | D:4      | Killed Robin
  4801 | D:4      | Killed smilodon's ghost
  4802 | D:4      | Reached skill level 5 in Spellcasting
  4954 | D:5      | Reached skill level 1 in Maces & Flails
  4954 | D:5      | Reached XP level 9. HP: 63/63 MP: 17/17
  4997 | D:5      | Reached skill level 2 in Maces & Flails
  5134 | D:5      | Reached skill level 3 in Maces & Flails
  5143 | D:5      | Reached * piety under Elyvilon
  5336 | D:5      | Found a shimmering blue altar of Sif Muna.
  5606 | D:6      | Reached skill level 4 in Maces & Flails
  5641 | D:6      | Reached skill level 5 in Maces & Flails
  5771 | D:6      | Reached skill level 6 in Maces & Flails
  5804 | D:6      | Noticed Maggie
  5818 | D:6      | Killed Maggie
  5819 | D:6      | Reached skill level 7 in Maces & Flails
  5958 | D:6      | Reached ** piety under Elyvilon
  5998 | D:6      | Reached XP level 10. HP: 69/70 MP: 18/18
  6087 | D:6      | Reached skill level 8 in Maces & Flails
  6775 | D:7      | Reached skill level 9 in Maces & Flails
  6806 | D:7      | Identified the +9 rapier of Diet Blood {vorpal, *Noise
                  | rPois Int+4}
  6818 | D:8      | Noticed Gastronok
  6851 | D:8      | Found a staircase to the Lair.
  6910 | D:7      | Reached skill level 10 in Maces & Flails
  7150 | D:7      | Reached skill level 11 in Maces & Flails
  7296 | D:8      | Reached XP level 11. HP: 67/75 MP: 19/19
  7372 | D:8      | Reached skill level 12 in Maces & Flails
  7454 | D:8      | Noticed Maurice
  7478 | D:8      | Reached *** piety under Elyvilon
  7493 | D:8      | Found Uwkuo's Island Escapes.
  7679 | D:8      | Found a runed translucent door.
  7682 | D:8      | Noticed aaron's ghost (novice HOFE)
  8225 | D:9      | Noticed Erica
  8312 | D:9      | Reached skill level 13 in Maces & Flails
  8321 | D:9      | Found a flagged portal.
  8338 | Bailey   | Entered a bailey
  8349 | Bailey   | Reached skill level 1 in Invocations
  8585 | Bailey   | Noticed Grum
  8591 | Bailey   | Identified the +9 great sword "Beetleslayer" {protect, Fly}
  8644 | Bailey   | Killed Grum
  9066 | D:9      | Noticed Harold
  9085 | D:9      | Killed Harold
  9086 | D:9      | Reached skill level 5 in Invocations
  9418 | D:10     | Entered Level 10 of the Dungeon
  9418 | D:10     | Noticed a two-headed ogre
  9424 | D:10     | Killed a two-headed ogre
  9493 | D:10     | Noticed Snorg
  9550 | Lair:1   | Entered Level 1 of the Lair of Beasts
  9602 | Lair:1   | Reached XP level 12. HP: 69/81 MP: 20/20
  9780 | Lair:1   | Reached skill level 5 in Fighting
 10348 | Lair:2   | Reached **** piety under Elyvilon
 10413 | Lair:2   | Found a runed translucent door.
 10413 | Lair:2   | Found a shimmering altar of Xom.
 10413 | Lair:2   | Noticed Pechyafi's ghost (journeyman DDEE)
 10414 | Lair:2   | Noticed a +2 dire flail of chaos
 10553 | Lair:2   | Noticed Nergalle
 11017 | Lair:3   | Found a staircase to the Swamp.
 11445 | Lair:3   | Reached ***** piety under Elyvilon
 11450 | Lair:3   | Found a staircase to the Snake Pit.
 11769 | Lair:3   | Reached skill level 10 in Fighting
 11802 | Lair:3   | Reached XP level 13. HP: 45/103 MP: 21/21
 12207 | Lair:4   | Noticed an eight-headed hydra
 12209 | Lair:4   | Pacified an eight-headed hydra
 12372 | Lair:4   | Reached skill level 14 in Maces & Flails
 12432 | Lair:4   | Found a staircase to the Slime Pits.
 12433 | Lair:4   | Found a viscous altar of Jiyva.
 12445 | Lair:4   | Reached skill level 1 in Armour
 12868 | Lair:4   | Reached skill level 5 in Armour
 13343 | Lair:5   | Entered Level 5 of the Lair of Beasts
 13535 | Lair:5   | Noticed a seven-headed hydra
 13542 | Lair:5   | Pacified a seven-headed hydra
 13556 | Lair:5   | Noticed a five-headed hydra
 13561 | Lair:5   | Pacified a five-headed hydra
 13865 | Lair:5   | Reached XP level 14. HP: 94/110 MP: 22/22
 13948 | Lair:5   | Reached skill level 10 in Armour
 14285 | Lair:5   | Reached skill level 5 in Dodging
 14544 | Lair:5   | Reached skill level 1 in Shields
 15116 | Lair:5   | Reached skill level 5 in Shields
 15631 | D:8      | Killed aaron's ghost
 15709 | D:8      | Killed Gastronok
 15745 | D:8      | Killed Maurice
 15812 | D:8      | Bought a scroll of teleportation for 30 gold pieces
 15812 | D:8      | Bought a scroll of blinking for 75 gold pieces
 15812 | D:8      | Bought 2 potions of invisibility for 160 gold pieces
 15812 | D:8      | Bought a potion of invisibility for 80 gold pieces
 15822 | D:8      | Identified a scroll of acquirement
 15822 | D:8      | Acquired a +0 eveningstar of holy wrath
 15891 | D:9      | Killed Erica
 16096 | D:10     | Found a glowing golden altar of the Shining One.
 16108 | D:10     | Killed Snorg
 16205 | D:10     | Found a staircase to the Orcish Mines.
 16221 | D:10     | Reached XP level 15. HP: 97/115 MP: 23/23
 16276 | D:10     | Found a blossoming altar of Fedhas.
 16580 | D:10     | Found a faded altar of an unknown god.
 16581 | D:10     | Found a hazy altar of Hepliaklqana.
 16583 | D:10     | Found a faded altar of an unknown god.
 16583 | D:10     | Found a faded altar of an unknown god.
 16864 | Orc:1    | Entered Level 1 of the Orcish Mines
 16879 | Orc:1    | Noticed an orc warlord
 17116 | D:10     | Killed an orc warlord
 17117 | D:10     | Reached skill level 15 in Maces & Flails
 17653 | Orc:2    | Entered Level 2 of the Orcish Mines
 17655 | Orc:2    | Noticed Azrael
 17740 | Orc:2    | Killed Azrael
 17840 | Orc:1    | Found a transporter.
 17845 | Orc:1    | Found a transporter.
 17845 | Orc:1    | Found a transporter.
 17856 | Orc:1    | Found a sparkling altar of Nemelex Xobeh.
 17856 | Orc:1    | Noticed a juggernaut
 17861 | Orc:1    | Found a transporter.
 17862 | Orc:1    | Found a transporter.
 17865 | Orc:1    | Found a transporter.
 18241 | Orc:2    | Reached skill level 16 in Maces & Flails
 18512 | Orc:2    | Found a staircase to the Elven Halls.
 18777 | Orc:2    | Reached skill level 10 in Invocations
 19439 | Orc:2    | Found Geguow's General Store.
 19442 | Orc:2    | Found Acoheppo's Assorted Antiques.
 19443 | Orc:2    | Found Zumattas's Antique Weapon Emporium.
 19444 | Orc:2    | Found Isykuhei's Assorted Antiques.
 19448 | Orc:2    | Bought a potion of curing for 78 gold pieces
 19448 | Orc:2    | Bought a potion of invisibility for 208 gold pieces
 19450 | Orc:2    | Bought a pitted zirconium amulet for 105 gold pieces
 19450 | Orc:2    | Identified the amulet "Iseid" {RegenMP rElec Int+2} (You
                  | bought it in a shop on level 2 of the Orcish Mines)
 19450 | Orc:2    | Bought 2 murky ruby potions for 37 gold pieces
 19450 | Orc:2    | Bought a potion of haste for 210 gold pieces
 19451 | Orc:2    | Bought a scroll of enchant armour for 97 gold pieces
 19451 | Orc:2    | Bought a potion of curing for 39 gold pieces
 19871 | D:11     | Reached ****** piety under Elyvilon
 20265 | D:12     | Found a transporter.
 20281 | D:12     | Found a transporter.
 20402 | D:12     | Reached XP level 16. HP: 122/122 MP: 23/25
 20539 | D:12     | Found a transporter.
 20582 | D:12     | Found a transporter.
 21147 | D:13     | Noticed a fire giant
 21206 | D:13     | Killed a fire giant
 21471 | D:13     | Noticed Nessos
 21482 | D:13     | Killed Nessos
 21697 | D:13     | Found a bloodstained altar of Trog.
 21871 | D:13     | Found a gate to the Vaults.
 22360 | D:14     | Found a runed translucent gate.
 22361 | D:14     | Found a runed translucent gate.
 22363 | D:14     | Found a runed translucent gate.
 22363 | D:14     | Noticed TheSexyCheese's ghost (journeyman MiFi)
 22954 | D:14     | Noticed Agnes
 22963 | D:14     | Killed Agnes
 23045 | D:14     | Found an iron altar of Okawaru.
 23077 | D:15     | Entered Level 15 of the Dungeon
 23228 | D:15     | Reached skill level 10 in Shields
 23368 | D:15     | Found a runed translucent door.
 23373 | D:15     | Noticed XxsatanxX's ghost (journeyman MiBe)
 23835 | D:15     | Found a staircase to the Depths.
 23907 | D:15     | Killed XxsatanxX's ghost
 23980 | D:14     | Killed TheSexyCheese's ghost
 24081 | D:14     | Identified the +1 glaive of Amitt {vorpal, *Noise rElec
                  | Int-5 Dex+6}
 24432 | Lair:2   | Reached XP level 17. HP: 128/128 MP: 10/27
 24534 | Lair:2   | Killed Pechyafi's ghost
 24634 | Lair:2   | Killed Nergalle
 24691 | Swamp:1  | Entered Level 1 of the Swamp
 24909 | Swamp:1  | Noticed Kirke
 24963 | Swamp:1  | Noticed a sphinx
 24968 | Swamp:1  | Killed Kirke
 25146 | Swamp:1  | Reached skill level 10 in Dodging
 25212 | Swamp:1  | Learned a level 4 spell: Passage of Golubria
 25238 | Swamp:1  | Reached skill level 1 in Translocations
 25959 | Swamp:2  | Reached skill level 5 in Translocations
 26127 | Swamp:2  | HP: 6/125 [four-headed hydra (5)]
 26127 | Swamp:2  | Elyvilon protects you from harm!
 26128 | Swamp:2  | Mangled by an eight-headed hydra

Illustrated notes

Levels and vault maps discovered:
D:1:      dpeg_arrival_prison, layout_rooms, minmay_surrounded
D:2:      kennysheep_big_flooded_room, layout_loops_ring, minmay_octomino_c4
D:3:      lemuel_castle_with_subvaults [lemuel_castle_interior_original],
          layout_loops_ring
D:4:      layout_loops_cross, minmay_temple_entry_tees,
          gammafunk_ghost_necromancy, serial_shops, nicolae_take_the_stairs,
          uniq_edmund, uniq_robin
D:5:      layout_basic, mainiacjoe_overflow_boulevard, lemuel_blue_sif_altar
D:6:      layout_rooms, uniq_maggie
D:7:      layout_gridville
D:8:      layout_rooms, minmay_lair_entry_grove, ebering_ghost_reflecting_pool,
          nicolae_island_escapes, uniq_gastronok, uniq_maurice
D:9:      layout_basic, enter_bailey_3, minivault_8, uniq_harold, uniq_erica
D:10:     layout_long_grid, lemuel_doored_altar,
          nicolae_hepliaklqana_ecumenical_no_more,
          mainiacjoe_overflow_surrounded_room, zombieorc1_lemuel, uniq_snorg
D:11:     layout_loops_ring
D:12:     layout_irregular_city, nicolae_transporter_intersection
D:13:     minmay_firetagon, layout_basic, david_vaults_1, trog_hazing_becter,
          uniq_nessos
D:14:     layout_basic, gammafunk_ghost_fury_of_okawaru, uniq_agnes
D:15:     grunt_enter_depths_hoard, layout_cave_pools, gammafunk_ghost_grave,
          hangedman_decor_riveting
Temple:   minmay_crystal_spiral_temple
Lair:1:   layout_loops_ring
Lair:2:   layout_misc_corridors, ebering_ghost_xom, st_stairs_10,
          disabler_island, uniq_nergalle
Lair:3:   layout_cave_pods, swamp_mist_pool, minmay_snake_entry_six_corridors,
          bh_autumn_forest_stairs, chequers_serial_rivers_small_3,
          grunt_megastairs_4, serial_bayou_shore_b
Lair:4:   layout_hall_layers, nicolae_slime_entry_slimehenge,
          grunt_megastairs_5, lemuel_fruit_tree
Lair:5:   minmay_lair_end_enchanted_forest, layout_regular_city,
          chequers_serial_rivers_small_3
Swamp:1:  layout_falls_marsh, hangedman_swamp_lotus, swamp_pool1, uniq_kirke
Swamp:2:  layout_basic_swamp, evilmike_swamp_ruin_house_5, swamp_pool5,
          st_swamp_ruins_4
Orc:1:    layout_diamond_mine, basic_altar, hellmonk_jugg_or_not
Orc:2:    st_orc_pillars, layout_diamond_mine, elves_outpost_lemuel, uniq_azrael

Skill      XL: |  1  2  3  4  5  6  7  8  9 10 11 12 13 14 15 16 17 |
---------------+----------------------------------------------------+-----
Hexes          | 1 2 3 4 5 6 8 |  8.0
Spellcasting   | 1 5 |  5.8
Maces & Flails | 1 7 11 13 14 16 | 16.0
Invocations    | 8 12 14 | 14.0
Fighting       | 10 | 10.0
Armour         | 9 10 | 10.0
Dodging        | 6 8 10 | 10.0
Shields        | 7 10 | 10.0
Translocations | 5 |  5.1
Polearms       | |  2.0
Stealth        | |  5.0

Action                   |  1- 3 |  4- 6 |  7- 9 | 10-12 | 13-15 | 16-18 || total
-------------------------+-------+-------+-------+-------+-------+-------++-------
Melee: Spear             |   145 |    44 |       |       |       |       ||   189
       Punch             |     3 |     1 |     3 |    12 |     8 |       ||    27
       Halberd           |       |    70 |       |       |       |       ||    70
       Flail             |       |    41 |   325 |   839 |   946 |       ||  2151
       Eveningstar       |       |       |       |       |   706 |   620 ||  1326
Throw: Throwing net      |       |       |       |     1 |       |       ||     1
 Cast: Tukima's Dance    |       |       |     3 |    25 |       |       ||    28
Invok: Heal Self         |       |       |       |     2 |     6 |     4 ||    12
       Heal Other        |       |       |       |       |     6 |     5 ||    11
       Purification      |       |       |       |       |     1 |       ||     1
Evoke: Wand              |     1 |       |       |     4 |     2 |     2 ||     9
       Phantom mirror    |       |       |       |       |       |     2 ||     2
       Tin of tremorston |       |       |       |       |       |     1 ||     1
  Use: Scroll            |     2 |       |       |    12 |    23 |     3 ||    40
       Potion            |     1 |     1 |       |     5 |     1 |     6 ||    14
 Stab: Sleeping          |     8 |     4 |     4 |     8 |     3 |       ||    27
       Distracted        |       |       |     1 |     1 |       |       ||     2
       Paralysed         |       |       |       |     2 |       |     3 ||     5
       Held in net/web   |       |       |       |     1 |       |       ||     1
Armor: Leather armour    |    12 |    69 |   212 |   236 |       |       ||   529
       Chain mail        |    50 |       |       |       |       |       ||    50
       Scale mail        |       |       |       |   218 |   687 |       ||   905
       Plate armour      |       |       |       |       |   206 |   461 ||   667
Dodge: Dodged            |    46 |   127 |   255 |   464 |   639 |   196 ||  1727
Block: Kite shield       |       |       |       |       |   485 |   324 ||   809
